 Dungeon Crawl Stone Soup version 0.20.0-8-g6b59dc7 (webtiles) character file.

210 RKaid the Skirmisher (level 5, 0/41 HPs)
             Began as a Demonspawn Wanderer on May 31, 2017.
             Slain by a bullfrog (3 damage)
             ... on level 4 of the Dungeon.
             The game lasted 00:18:13 (4877 turns).

RKaid the Skirmisher (Demonspawn Wanderer)          Turns: 4877, Time: 00:18:14

Health: 0/41       AC:  2    Str: 13    XL:     5   Next: 56%
Magic:  5/5        EV: 12    Int: 13    God:
Gold:   225        SH:  2    Dex: 16    Spells: 4/4 levels left

rFire    . . .     SeeInvis .   a - +2 dagger (flame)
rCold    . . .     Gourm    .   (no shield)
rNeg     . . .     Faith    .   m - +0 robe
rPois    .         Spirit   .   (helmet restricted)
rElec    .         Reflect  +   (no cloak)
rCorr    .         Harm     .   (no gloves)
MR       .....                  (no boots)
Stlth    ++........             j - +2 amulet of reflection
Regen    0.2/turn               w - +1 ring of evasion
MPRegen  0.1/turn               x - +3 ring of dexterity

@: hasted, very quick
A: horns 1, demonic guardian 1
a: no special abilities


You were on level 4 of the Dungeon.
You were not hungry.

You visited 1 branch of the dungeon, and saw 4 of its levels.

You collected 225 gold pieces.

Inventory:

Hand Weapons
 a - a +2 dagger of flaming (weapon)
   (You took it off a kobold on level 1 of the Dungeon)
 d - a +0 short sword
 n - a +0 dagger of draining
   (You found it on level 1 of the Dungeon)
Armour
 m - a +0 robe (worn)
   (You found it on level 1 of the Dungeon)
Jewellery
 j - a +2 amulet of reflection (around neck)
   (You found it on level 1 of the Dungeon)
 w - a +1 ring of evasion (left hand)
   (You found it on level 3 of the Dungeon)
 x - a +3 ring of dexterity (right hand)
   (You found it on level 3 of the Dungeon)
Wands
 k - a wand of confusion (14/48)
   (You took it off Ijyb on level 4 of the Dungeon)
Scrolls
 b - a scroll of fear
 e - a scroll of amnesia
 g - 3 scrolls of fog
 i - a scroll of identify
 o - a scroll of remove curse
Potions
 q - a potion of berserk rage {unknown}
 t - a potion of might {unknown}
 u - a potion of cancellation {unknown}
Books
 c - the Volume of Cold

   Spells                             Type                      Level
   a - Throw Frost                    Conjuration/Ice              2
   b - Ensorcelled Hibernation        Hexes/Ice                    2
Comestibles
 f - 2 bread rations


   Skills:
 + Level 3.6 Fighting
 * Level 3.5 Short Blades
 + Level 3.1 Stealth
   Level 1.0 Shields
   Level 1.0 Summonings
   Level 2.0 Poison Magic
 - Level 1.0 Evocations


You had 4 spell levels left.
You didn't know any spells.

Dungeon Overview and Level Annotations

Branches:
Dungeon (4/15)
 Temple: D:4-7

Altars:

Annotations:
D:3 RKaid's ghost, novice GrGl
D:4 Menkaure


Innate Abilities, Weirdness & Mutations

You have a pair of small horns on your head.
A weak demonic guardian rushes to your aid.


Message History

You closely miss the frilled lizard.
Your iron imp misses the frilled lizard.
The frilled lizard bites you.
You hit the frilled lizard. You burn the frilled lizard.
You kill the frilled lizard!
The worker ant misses you.
You hit the worker ant but do no damage.
You block the worker ant's attack.
The worker ant bites your iron imp but does no damage.
The worker ant closely misses your iron imp.
Your iron imp hits the worker ant.
Your iron imp barely misses the worker ant.
You hit the worker ant but do no damage.
The worker ant closely misses you. The worker ant bites you.
You are poisoned.
The worker ant poisons you!
You hit the worker ant. You burn the worker ant.
You feel sick.
Your iron imp hits the worker ant!
The worker ant dies!
Your Short Blades skill increases to level 3!
You see here a frilled lizard corpse.
You butcher the frilled lizard corpse.
You feel sick.
l - 3 chunks of flesh (gained 1)
You start resting.
You feel sick. x4
You are no longer poisoned.
You start resting.
Your iron imp disappears in a puff of smoke!
p - a potion of curing Marking area around Menkaure as unsafe for travelling.
Menkaure, Prince of Dust comes into view.
Menkaure shouts!
Unknown command.
You swap places.
Press: ? - help, v - describe, . - travel
Here: Menkaure The floor.
You open the door.
There is an open door here.
There is an open door here.
You see here 27 bolts.
There is an open door here.
There is an open door here.
q - a fuming ruby potion Some of the chunks of flesh in your inventory have rotted away.
You open the door.
There is an open door here.
There is an open door here.
There is an open door here.
There is an open door here.
All of the chunks of flesh in your inventory have rotted away.
There is an open door here.
A howler monkey comes into view.
A howler monkey comes into view.
Found a stone staircase leading down.
The helpless howler monkey fails to defend itself.
You impale the howler monkey!! You burn the howler monkey.
You kill the howler monkey!
Your Stealth skill increases to level 3!
You have reached level 5!
Your demonic ancestry asserts itself...
A pair of horns grows on your head!
The howler monkey howls!
You block the howler monkey's attack.
A bullfrog comes into view.
You barely miss the howler monkey. You headbutt the howler monkey.
You block the howler monkey's attack.
You hit the howler monkey. You burn the howler monkey.
The howler monkey hits you.
You hit the howler monkey. You burn the howler monkey.
The howler monkey hits you.
Your iron imp closely misses the howler monkey.
You hit the howler monkey. You burn the howler monkey.
You headbutt the howler monkey. The howler monkey hits you!
Your iron imp completely misses the howler monkey.
You barely miss the howler monkey. Your headbutt misses the howler monkey.
The howler monkey hoots and howls with incredible vigour!
The bullfrog barely misses you.
You hit the howler monkey but do no damage.
The howler monkey hits you!
Your iron imp hits the howler monkey.
The howler monkey dies!
The bullfrog hits you.
You barely miss the bullfrog. Your headbutt misses the bullfrog.
The bullfrog hits you.
Your iron imp hits the bullfrog.
The bullfrog hits you.
* * * LOW HITPOINT WARNING * * *
The bullfrog completely misses you.
Your iron imp hits the bullfrog.
The bullfrog hits you.
* * * LOW HITPOINT WARNING * * *
Okay, then.
You feel better. The bullfrog closely misses you. The bullfrog hits you.
* * * LOW HITPOINT WARNING * * *
You barely miss the bullfrog. The bullfrog hits you.
* * * LOW HITPOINT WARNING * * *
The bullfrog hits you.
* * * LOW HITPOINT WARNING * * *
You feel yourself speed up.
Your iron imp disappears in a puff of smoke!
The bullfrog barely misses you. The bullfrog hits you.
You die...

........#,,,,,#...#*,...**,,*
........#,,,,,#.†.##....**,,*
........#,,,,,#...'.....,,,,*****
........#,,,,,#...#.....,,,,*,,,,
........#,,,,,#...#####'**'**,,,,
........#,,,,,#...#.....,,,,,,,,,
........#.....#.§.'...$....,,,,,,
........#.....#.F.#.......,,,,,,,
........#.....#.@.#.........,,,,,
........#.....#...#.....##.######
........#.....#...#.....#....#...
........#.....#...#.....#....#...
........#.....#...#.....#...##...
........#.........#.....#...##...
........#......#.....#..#...##...
........#....##.###.#.##.........
........'...##.♣.###.♣.##........


You could see a bullfrog.

Vanquished Creatures
  A howler monkey (D:4)
  4 adders
  A worm (D:3)
  2 dart slugs
  5 leopard geckos
  2 orcs (D:3)
  A giant cockroach (D:2)
  7 goblins
  7 hobgoblins
  4 jackals (D:3)
  8 kobolds
  2 quokkas
  3 bats
  5 frilled lizards
  5 rats
57 creatures vanquished.

Vanquished Creatures (collateral kills)
  A howler monkey (D:4)
  Ijyb (D:4)
  A worker ant (D:4)
3 creatures vanquished.

Grand Total: 60 creatures vanquished

Notes
Turn   | Place    | Note
-------+----------+-------------------------------------------
     0 | D:1      | RKaid the Demonspawn Wanderer began the quest for the Orb.
     0 | D:1      | RKaid set off with: a +2 dagger, a scroll of fear, the Volume of Cold, a +0 short sword, a +0 robe, a bread ration
     0 | D:1      | Reached XP level 1. HP: 16/16 MP: 1/1
     0 | D:1      | Identified the Volume of Cold
    21 | D:1      | HP: 4/16 [hobgoblin/club (5)]
   860 | D:1      | Gained mutation: A weak demonic guardian rushes to your aid. [demonic ancestry]
   860 | D:1      | Reached XP level 2. HP: 16/22 MP: 2/2
  1339 | D:1      | Reached skill level 2 in Short Blades
  1893 | D:2      | Reached skill level 2 in Stealth
  1986 | D:2      | Reached XP level 3. HP: 11/28 MP: 3/3
  1990 | D:2      | HP: 7/28 [poisoned by an adder]
  2948 | D:2      | Reached skill level 3 in Fighting
  3071 | D:3      | Reached XP level 4. HP: 35/35 MP: 4/4
  3417 | D:3      | HP: 6/35 [kobold/short sword (4)]
  3841 | D:3      | Noticed RKaid's ghost (novice GrGl)
  3912 | D:3      | HP: 4/35 [RKaid's ghost (13)]
  3928 | D:3      | HP: 8/35 [RKaid's ghost (16)]
  3929 | D:3      | HP: 2/35 [RKaid's ghost (6)]
  4525 | D:4      | Noticed Ijyb
  4535 | D:4      | Killed Ijyb
  4577 | D:4      | Reached skill level 3 in Short Blades
  4699 | D:4      | Noticed Menkaure
  4859 | D:4      | Reached skill level 3 in Stealth
  4859 | D:4      | Gained mutation: You have a pair of small horns on your head. [demonic ancestry]
  4859 | D:4      | Reached XP level 5. HP: 41/41 MP: 5/5
  4869 | D:4      | HP: 8/41 [bullfrog (6)]
  4875 | D:4      | HP: 7/41 [bullfrog (4)]
  4875 | D:4      | HP: 3/41 [bullfrog (4)]
  4877 | D:4      | Slain by a bullfrog

Skill      XL: |  1  2  3  4 |
---------------+-------------+-----
Short Blades   | 2 3 |  3.5
Stealth        | 2 3 |  3.1
Fighting       | 3 |  3.6
Shields        | |  1.0
Summonings     | |  1.0
Poison Magic   | |  2.0
Evocations     | |  1.0

Action                   |  1- 3 |  4- 6 || total
-------------------------+-------+-------++-------
Melee: Dagger            |   122 |   103 ||   225
       Headbutt          |       |     2 ||     2
  Use: Scroll            |     4 |     7 ||    11
       Potion            |     1 |     3 ||     4
 Stab: Sleeping          |     5 |     3 ||     8
  Eat: Chunk             |     7 |     1 ||     8
       Meat ration       |       |     1 ||     1
       Royal jelly       |       |     1 ||     1
Armor: Robe              |    10 |     5 ||    15
Dodge: Dodged            |    57 |    47 ||   104
Block: Other             |     4 |     5 ||     9

Table legend:
 A = Turns spent in this place as a percentage of turns spent in the entire game.
 B = Non-inter-level travel turns spent in this place as a percentage of non-inter-level travel turns spent in the entire game.
 C = Inter-level travel turns spent in this place as a percentage of turns spent in this place.
 D = Turns resting spent in this place as a percentage of non-inter-level travel turns spent in this place.
 E = Turns spent auto-exploring this place as a percentage of non-inter-level travel turns spent in this place.
 F = Non-inter-level travel turns spent in this place divided by the number of levels of this place that you've seen.
                   A       B       C       D       E      F
               +-------+-------+-------+-------+-------+----------------------
         Total | 100.0 | 100.0 |   0.5 |   4.9 |   5.4 | 298.2
       Dungeon | 100.0 | 100.0 |   0.5 |   4.9 |   5.4 | 298.2
               +-------+-------+-------+-------+-------+----------------------

Table legend:
 A = Kills in this place as a percentage of kills in entire the game.
 B = Kills by you in this place as a percentage of kills by you in the entire game.
 C = Kills by friends in this place as a percentage of kills by friends in the entire game.
 D = Other kills in this place as a percentage of other kills in the entire game.
 E = Experience gained in this place as a percentage of experience gained in the entire game.
 F = Experience gained in this place divided by the number of levels of this place that you have seen.
                   A       B       C       D       E      F
               +-------+-------+-------+-------+-------+----------------------
         Total | 100.0 | 100.0 | 100.0 |  -nan | 100.0 |  75.0
       Dungeon | 100.0 | 100.0 | 100.0 |  -nan | 100.0 |  75.0
               +-------+-------+-------+-------+-------+----------------------
